 Dungeon Crawl Stone Soup version 0.22.1-2-g9c5b331 (webtiles) character file.

2836 Fang the Cleaver (level 9, -7/85 HPs)
             Began as a Gargoyle Berserker on Nov 27, 2018.
             Was a High Priest of Trog.
             Killed by the air
             ... invoked by Gastronok
              (20 damage)
             ... on level 8 of the Dungeon.
             The game lasted 00:10:39 (7330 turns).

Fang the Cleaver (Gargoyle Berserker)               Turns: 7330, Time: 00:10:40

Health: -7/85      AC: 20    Str: 30    XL:     9   Next: 74%
Magic:  9/9        EV:  8    Int:  7    God:    Trog [*****.]
Gold:   447        SH:  0    Dex:  9    Spells: 8/8 levels left

rFire    + . .     SeeInvis .   z - +3 battleaxe
rCold    + . .     Gourm    .   (shield currently unavailable)
rNeg     + . .     Faith    .   l - +1 plate armour
rPois    ∞         Spirit   .   (no helmet)
rElec    +         Reflect  .   (no cloak)
rCorr    .         Harm     .   (no gloves)
MR       .....                  (no boots)
Stlth    ..........             (no amulet)
HPRegen  0.24/turn              e - ring of protection from cold
MPRegen  0.11/turn              y - ring of protection from fire

@: berserking (expiring), slowed
A: negative energy resistance 1, electricity resistance, unbreathing,
petrification resistance, rot immunity, AC +6
a: Berserk, Trog's Hand, Brothers in Arms, Renounce Religion


You were on level 8 of the Dungeon.
You worshipped Trog.
Trog was extremely pleased with you.
You were near starving.

You visited 2 branches of the dungeon, and saw 9 of its levels.

You collected 447 gold pieces.

Inventory:

Hand Weapons
 z - a +3 battleaxe (weapon)
Armour
 l - a +1 plate armour (worn)
Jewellery
 e - a ring of protection from cold (left hand)
 h - a cursed ring of attention {unknown}
 t - an uncursed ring of positive energy
 y - a ring of protection from fire (right hand)
Wands
 d - a wand of iceblast (7)
 p - a wand of flame (11)
Scrolls
 b - a scroll of magic mapping {unknown}
 g - 4 scrolls of identify
 i - 3 scrolls of remove curse
 j - 2 scrolls of blinking
 q - 2 scrolls of teleportation
 s - a scroll of fog {unknown}
Potions
 a - a potion of resistance
 f - 3 potions of curing
 k - 5 potions of agility
 m - 3 potions of haste
 n - a potion of ambrosia
 r - 2 potions of heal wounds
 u - a potion of brilliance {unknown}
 x - a potion of flight
Comestibles
 c - 9 rations


   Skills:
 + Level 7.1 Fighting
 + Level 9.3 Axes
 + Level 6.8 Armour
 + Level 2.5 Dodging
 + Level 1.6 Stealth


You had 8 spell levels left.
You didn't know any spells.
Your spell library was empty.

Dungeon Overview and Level Annotations

Branches:
Dungeon (8/15)             Temple (1/1) D:5
   Lair: D:8-11

Altars:
Cheibriados
Elyvilon
Hepliaklqana
Kikubaaqudgha
Nemelex Xobeh
Ru
Trog
Xom

Shops:
D:5 %

Annotations:
D:8 Gastronok


Innate Abilities, Weirdness & Mutations

You are resistant to torment.
Your stone body is resilient. (AC +6)
You are immune to poison.
You resist negative energy. (rN+)
You are resistant to electric shocks. (rElec)
You can survive without breathing.
You are immune to petrification.
You are immune to rotting.


Message History

You slice Gastronok!!
Gastronok is moderately wounded.
Gastronok's eyestalks wobble, almost dislodging his wizard hat.
Gastronok bites you but does no damage.
You slice Gastronok!!
Gastronok is moderately wounded.
Gastronok waves his eye-stalks in wide circles.
The air twists around and strikes you!
* * * LOW HITPOINT WARNING * * *
You slice Gastronok!!
Gastronok is heavily wounded.
You slash Gastronok!
Gastronok is severely wounded.
Gastronok bites you!
* * * LOW HITPOINT WARNING * * *
You slice Gastronok!!
Gastronok is almost dead.
Gastronok waves his eye-stalks in wide circles.
The air twists around and strikes you!
You die...

#....#....# #..
##...#...[# ...
#....## ##....###..
#####.......#
###..†......###
###....†.....##
##..............#
#.....@...........
#.....w............
#..................
#..................
..................
#................
#...............
#..........>...


You could see Gastronok.

Vanquished Creatures
  Prince Ribbit (D:8)
  A hippogriff (D:3)
  Sigmund (D:2)
  Menkaure (D:6)
  A phantom (D:5)
  A sky beast (D:7)
  An ogre (D:4)
  2 ice beasts (D:8)
  2 centaurs
  3 bullfrogs
  A wyvern zombie (D:6)
  3 scorpions
  2 crimson imps
  A centaur zombie (D:7)
  3 orc priests (D:7)
  9 orc wizards
  2 centaur skeletons (D:4)
  5 hounds
  A jelly (D:8)
  2 bullfrog skeletons
  2 iguanas
  4 worker ants
  A hound skeleton (D:6)
  11 gnolls
  9 adders
  A shadow imp (D:6)
  2 oozes
  An adder zombie (D:6)
  2 adder skeletons (D:6)
  A dart slug (D:3)
  5 leopard geckos
  16 orcs
  A ball python (D:1)
  6 bats
  7 giant cockroaches
  9 hobgoblins
  12 jackals
  9 kobolds
  3 quokkas
  3 frilled lizards
  A giant cockroach zombie (D:6)
  5 goblins
  8 rats
162 creatures vanquished.

Notes
Turn   | Place    | Note
-------+----------+-------------------------------------------
     0 | D:1      | Fang the Gargoyle Berserker began the quest for the Orb.
     0 | D:1      | Reached XP level 1. HP: 14/14 MP: 1/1
   308 | D:1      | Reached XP level 2. HP: 16/19 MP: 2/2
   312 | D:1      | Reached skill level 3 in Axes
   457 | D:1      | Reached XP level 3. HP: 21/24 MP: 3/3
  1097 | D:2      | Reached ** piety under Trog
  1218 | D:2      | Reached XP level 4. HP: 28/29 MP: 4/4
  1275 | D:2      | Noticed Sigmund
  1291 | D:2      | Killed Sigmund
  1291 | D:2      | Reached skill level 4 in Axes
  1291 | D:2      | Reached XP level 5. HP: 33/33 MP: 5/5
  1356 | D:2      | Reached XP level 6. HP: 25/38 MP: 6/6
  1505 | D:2      | Found a white marble altar of Elyvilon.
  2313 | D:3      | Found a bloodstained altar of Trog.
  2777 | D:3      | Noticed a hippogriff
  2787 | D:3      | Killed a hippogriff
  2787 | D:3      | Reached skill level 5 in Axes
  2787 | D:3      | Reached XP level 7. HP: 23/44 MP: 7/7
  3207 | D:4      | Reached *** piety under Trog
  3207 | D:4      | Reached skill level 1 in Stealth
  3430 | D:4      | Reached skill level 5 in Armour
  3701 | D:4      | Reached skill level 6 in Axes
  3747 | D:4      | Reached XP level 8. HP: 13/48 MP: 8/8
  4088 | D:4      | Found a shimmering altar of Xom.
  4125 | D:4      | Reached skill level 5 in Fighting
  4349 | D:5      | Entered Level 5 of the Dungeon
  4349 | D:5      | Found a staircase to the Ecumenical Temple.
  4365 | Temple   | Entered the Ecumenical Temple
  4766 | D:5      | Found a snail-covered altar of Cheibriados.
  4786 | D:5      | Found an ancient bone altar of Kikubaaqudgha.
  4806 | D:5      | Reached skill level 7 in Axes
  4875 | D:5      | Found Qiney's Food Boutique.
  5681 | D:6      | Noticed Menkaure
  5686 | D:6      | Killed Menkaure
  5686 | D:6      | Reached XP level 9. HP: 50/55 MP: 9/9
  5972 | D:6      | Reached skill level 8 in Axes
  6260 | D:7      | Reached **** piety under Trog
  7170 | D:8      | Reached skill level 9 in Axes
  7207 | D:8      | Noticed Prince Ribbit
  7212 | D:8      | Reached ***** piety under Trog
  7233 | D:8      | Killed Prince Ribbit
  7315 | D:8      | Noticed Gastronok
  7330 | D:8      | Killed from afar by Gastronok

Skill      XL: |  1  2  3  4  5  6  7  8  9 |
---------------+----------------------------+-----
Axes           | 3 4 5 6 7 9 |  9.3
Dodging        | 2 |  2.5
Armour         | 3 4 5 6 |  6.8
Fighting       | 4 6 7 |  7.1
Stealth        | 1 |  1.6

Action                   |  1- 3 |  4- 6 |  7- 9 || total
-------------------------+-------+-------+-------++-------
Melee: Hand axe          |   130 |   204 |   224 ||   558
       Battleaxe         |       |       |   206 ||   206
Invok: Berserk           |       |     3 |     2 ||     5
  Use: Scroll            |       |       |    19 ||    19
  Eat: Chunk             |     1 |     8 |    13 ||    22
       Ration            |       |       |     1 ||     1
Armor: Ring mail         |    60 |       |       ||    60
       Animal skin       |     2 |       |       ||     2
       Plate armour      |    25 |   168 |   348 ||   541
Dodge: Dodged            |    92 |    83 |   181 ||   356
